 Dungeon Crawl Stone Soup version 0.31-a0-1074-g0b22e4e0f1 (webtiles) character file.

Game seed: 14389585166370863808

106 Forgeling the Destabilizer (level 4, -2/24 HPs)
             Began as a Deep Elf Wanderer on Dec 5, 2023.
             Killed from afar by Natasha (7 damage)
             ... with a puff of flame
             ... on level 3 of the Dungeon.
             The game lasted 00:05:20 (2346 turns).

Forgeling the Destabilizer (Deep Elf Wanderer)      Turns: 2346, Time: 00:05:21

Health: -2/24      AC:  5    Str:  8    XL:     4   Next: 55%
Magic:  3/11       EV: 11    Int: 19    God:
Gold:   168        SH:  0    Dex: 15    Spells: 9/10 levels left

rFire   . . .        a - +0 mace
rCold   . . .        (no shield)
rNeg    . . .        d - +0 robe
rPois   .            b - +0 helmet
rElec   .            l - +0 cloak
rCorr   .            (no gloves)
SInv    .            f - +0 pair of boots
Will    .....        (no amulet)
Stlth   ++           (no ring)
HPRegen 0.24/turn    (no ring)
MPRegen 0.12/turn

%: no passive effects
@: very slightly contaminated
A: no striking features
a: no special abilities


You were on level 3 of the Dungeon.
You visited 1 branch of the dungeon, and saw 3 of its levels.

You collected 168 gold pieces.

Inventory:

Hand Weapons
 a - a +0 mace (weapon)
 h - a +0 short sword
Armour
 b - a +0 helmet (worn)
 d - a +0 robe (worn)
 f - a +0 pair of boots (worn)
 l - a +0 cloak (worn)
Scrolls
 e - a scroll of fog {unknown}
 i - a scroll of noise {unknown}
 j - a scroll of teleportation {unknown}
 K - a scroll of immolation
Potions
 c - a potion of lignification {unknown}
 g - 2 potions of heal wounds {unknown}
 k - 2 potions of enlightenment {unknown}
 J - 2 potions of curing {@q1}
 M - a potion of might
 T - a potion of berserk rage


   Skills:
 - Level 1.3 Maces & Flails
 - Level 2.4 Stealth
 + Level 3.6 Spellcasting
 - Level 6.0 Transmutations
 - Level 1.1 Evocations


You had 9 spell levels left.
You knew the following spells:

 Your Spells              Type           Power      Damage    Failure   Level
a - Sting                 Tmut/Pois      56%        1d5       4%          1

Your spell library contained the following spells:

 Spells                   Type           Power      Damage    Failure   Level
 Wereblood                Tmut           26%        N/A       1%          2
 Petrify                  Tmut/Erth      14%        N/A       38%         4
 Summon Guardian Golem    Hex/Summ       3%         N/A       41%         3
 Orb of Destruction       Conj           1%         9d5       100%        7
 Spellforged Servitor     Conj/Summ      1%         N/A       100%        7


Dungeon Overview and Level Annotations

Branches:
Dungeon (3/15)

Altars:
Okawaru

Shops:
D:3 (=

Annotations:
D:3 Natasha


Message History

The sting misses Natasha.
Casting: Sting (safe; 4% risk of failure)
Confirm with . or Enter, or press ? or * to list all spells.
Aiming: Sting (safe; 4% risk of failure)
Press: ? - help, Shift-Dir - straight line, f/p - Natasha
Aim: Natasha, carrying a wand of flame (lightly wounded, poisoned, 64% to hit)
You miscast Sting.
You are very lightly contaminated with residual magic.
Nothing appears to happen.
Natasha mumbles some strange words.
Natasha glows brightly for a moment.
Natasha zaps a wand.
The puff of flame hits you!
Casting: Sting (safe; 4% risk of failure)
Confirm with . or Enter, or press ? or * to list all spells.
Aiming: Sting (safe; 4% risk of failure)
Press: ? - help, Shift-Dir - straight line, f/p - Natasha
Aim: Natasha, carrying a wand of flame (lightly wounded, poisoned, 64% to hit)
The sting misses Natasha.
Natasha mumbles some strange words.
Casting: Sting (safe; 4% risk of failure)
Confirm with . or Enter, or press ? or * to list all spells.
Aiming: Sting (safe; 4% risk of failure)
Press: ? - help, Shift-Dir - straight line, f/p - Natasha
Aim: Natasha, carrying a wand of flame (lightly wounded, poisoned, 64% to hit)
The sting hits Natasha.
Natasha looks even sicker.
Natasha is lightly wounded.
Natasha casts a spell at you.
Casting: Sting (safe; 4% risk of failure)
Confirm with . or Enter, or press ? or * to list all spells.
Aiming: Sting (safe; 4% risk of failure)
Press: ? - help, Shift-Dir - straight line, f/p - Natasha
Aim: Natasha, carrying a wand of flame (moderately wounded, very poisoned, 64% to hit)
The sting misses Natasha.
Natasha zaps a wand.
The puff of flame hits you!
* * * LOW HITPOINT WARNING * * *
The cerulean imp hits you from afar with a +0 spear.
* * * LOW HITPOINT WARNING * * *
Natasha attacks as she pursues you!
Natasha zaps a wand.
The puff of flame hits you!
You die...
Natasha begins licking her fur clean.

#h #####...#.†.... . #.
#.......∩##### ..# #.##
#.#####.(....# g... ...
##.#####.####.#
#..##.#####.....##....#.#
#........##.....#####....
#..#.##......# ###..
####...#...#...# #..
#....#@#.###...# #..
#.##.#.#.###...# ######
#.##...h..<##.## #...#
#.######5### .# #...##
#.# #.# #...#. ..# #..
#...#. ### #### #...#.
##.... #####


You could see Natasha (poisoned) and a cerulean imp (summoned).

Vanquished Creatures
  Natasha (twice) (D:3)
  An adder (D:3)
  A dart slug (D:2)
  5 bats (D:2)
  2 endoplasms
  4 giant cockroaches
  4 goblins (D:3)
  9 hobgoblins
  2 quokkas (D:2)
  3 ball pythons
  2 frilled lizards
  4 kobolds
  4 rats
43 creatures vanquished.

Notes
Turn   | Place    | Note
-------+----------+-------------------------------------------
     0 | D:1      | Forgeling the Deep Elf Wanderer began the quest for the
                  | Orb.
     0 | D:1      | Forgeling set off with the following items: a +0 mace, a +0
                  | helmet, a +0 robe, a potion of might; and the following
                  | spell memorised: Sting; and the following spells available
                  | to memorise: Wereblood, Petrify.
     0 | D:1      | Reached XP level 1. HP: 10/10 MP: 5/5
   230 | D:1      | Found a faded altar of an unknown god.
   472 | D:1      | Reached XP level 2. HP: 15/15 MP: 4/6
   655 | D:2      | Reached skill level 5 in Transmutations
   838 | D:2      | Found an iron altar of Okawaru.
  1371 | D:2      | Reached XP level 3. HP: 19/19 MP: 4/7
  1624 | D:3      | Noticed Natasha
  1631 | D:3      | Killed Natasha
  1632 | D:3      | Reached skill level 6 in Transmutations
  1857 | D:3      | Reached XP level 4. HP: 24/24 MP: 5/9
  1915 | D:3      | Found Zoid's Jewellery Shop.
  2186 | D:3      | Found Jeblu's Weapon Shop.
  2193 | D:3      | Noticed Natasha
  2196 | D:3      | Killed Natasha
  2281 | D:3      | Noticed Natasha
  2346 | D:3      | Killed from afar by Natasha

Illustrated notes

Levels and vault maps discovered:
D:1:      minmay_arrival_widening_spiral_wide, layout_rooms,
          ebering_ecumenical_altar_abandoned, feat_on_display
D:2:      layout_basic, basic_altar
D:3:      cheibrodos_greedy_goblins, layout_basic,
          chequers_temple_overflow_minitemple, serial_shops, shop,
          nicolae_square_shop, shop, uniq_natasha

Skill      XL: |  1  2  3  4 |
---------------+-------------+-----
Transmutations | 5 6 |  6.0
Spellcasting   | 2 3 |  3.6
Maces & Flails | |  1.3
Stealth        | |  2.4
Evocations     | |  1.1

Action                     |  1- 3 |  4- 6 || total
---------------------------+-------+-------++-------
  Melee: Mace              |     1 |     1 ||     2
   Cast: Sting             |    62 |    21 ||    83
    Use: Scroll            |     3 |       ||     3
 Armour: Robe              |    17 |    18 ||    35
  Dodge: Dodged            |     8 |     6 ||    14

Table legend: (Time is in decaauts)
 A = Elapsed time spent in this place.
 B = Non-inter-level travel time spent in this place.
 C = Inter-level travel time spent in this place.
 D = Time resting spent in this place.
 E = Time spent auto-exploring this place.
 F = Levels seen in this place.
 G = Mean time per level.
                   A        B        C        D        E       F      G
               +--------+--------+--------+--------+--------+-----+--------+
         Total |   2346 |   2303 |     43 |     90 |   1797 |   3 |  782.0 |
       Dungeon |   2346 |   2303 |     43 |     90 |   1797 |   3 |  782.0 |
               +--------+--------+--------+--------+--------+-----+--------+

Top non-repeatable levels by time:
     D:2: 938 daAuts
     D:3: 759 daAuts
     D:1: 648 daAuts
